 Dungeon Crawl Stone Soup version 0.30-a0-58-gc0703345a7 (webtiles) character file.

Game seed: 15135649730776836948

13985 jlumianski the Cleaver (level 11, -3/112 HPs)
             Began as a Demonspawn Gladiator on Sept 11, 2022.
             Was a Priest of Hepliaklqana.
             Slain by a death yak (19 damage)
             ... in a Gauntlet.
             The game lasted 00:58:29 (15026 turns).

jlumianski the Cleaver (Demonspawn Gladiator)      Turns: 15026, Time: 00:58:29

Health: -3/112     AC: 30    Str: 20    XL:     11   Next: 82%
Magic:  14/15      EV:  4    Int:  9    God:    Hepliaklqana [***...]
Gold:   129        SH:  0    Dex: 14    Spells: 10/10 levels left

rFire   . . .      SeeInvis .    h - +0 battleaxe
rCold   . . .      Faith    .    (shield currently unavailable)
rNeg    . . .      Spirit   .    t - +9 crystal plate armour "Taoloyhu" {rElec}
rPois   .          Reflect  .    (helmet restricted)
rElec   +          Harm     .    O - scarf {+Inv}
rCorr   .          Rampage  .    (no gloves)
Will    .....      NoTele   +    T - +1 pair of boots
Stlth   ..........               (no amulet)
HPRegen 0.28/turn                S - +4 ring of slaying
MPRegen 0.14/turn                b - ring of flight

@: berserking, flying, very quick
A: reduced essence, horns 2, spiny 1, weakness stinger 1, demonic touch 2
a: Renounce Religion, Evoke Invisibility, Recall Ancestor, Ancestor Identity,
Transference


You were in a Gauntlet.
You worshipped Hepliaklqana.
Hepliaklqana was most pleased with you.
You visited 2 branches of the dungeon, and saw 13 of its levels.
You also visited: Gauntlet.

You collected 689 gold pieces.
You spent 560 gold pieces at shops.

Inventory:

Hand Weapons
 a - a +0 war axe
 h - a +0 battleaxe (weapon)
 F - a +0 trident of venom
 H - a +0 longbow of freezing
Missiles
 c - 8 boomerangs of dispersal
 d - 3 throwing nets
 e - 6 javelins
 n - 24 poisoned darts (quivered)
 y - 8 boomerangs
 P - 3 curare-tipped darts
Armour
 t - the +9 crystal plate armour "Taoloyhu" (worn) {rElec}
   (You acquired it on level 9 of the Dungeon)

   rElec:     It insulates you from electricity.
 O - a scarf of invisibility (worn)
 T - a +1 pair of boots (worn)
Jewellery
 b - a ring of flight (right hand)
 l - a ring of protection from fire
 S - a +4 ring of slaying (left hand)
Wands
 u - a wand of charming (13)
 G - a wand of acid (6)
 J - a wand of mindburst (18)
Scrolls
 f - 2 scrolls of poison
 m - a scroll of summoning
 o - 3 scrolls of fog
 r - 5 scrolls of teleportation
Potions
 g - a potion of ambrosia
 i - 2 potions of attraction
 p - a potion of cancellation
 v - a potion of haste
 x - a potion of berserk rage
 z - 2 potions of flight
 E - 4 potions of lignification
 Q - 2 potions of curing
 R - a potion of might
Miscellaneous
 j - a piece from Xom's chessboard (15/15)
 W - a tin of tremorstones (1/2)


   Skills:
 + Level 7.1 Fighting
 + Level 9.7(9.8) Axes
 - Level 1.3(6.2) Polearms
 * Level 8.3 Ranged Weapons
 + Level 2.1 Throwing
 + Level 8.6 Armour
 + Level 3.6 Dodging
 + Level 1.3 Stealth
 * Level 5.4 Invocations
 * Level 4.2 Evocations


You had 10 spell levels left.
You didn't know any spells.
Your spell library contained the following spells:

 Spells                   Type           Power      Damage    Failure   Level
 Apportation              Tloc           0%         N/A       100%        1
 Necrotise                Necr           0%         1d4       100%        1
 Sting                    Tmut/Pois      0%         1d3       100%        1
 Ensorcelled Hibernation  Hex/Ice        0%         N/A       100%        2
 Poisonous Vapours        Pois/Air       0%         N/A       100%        2
 Conjure Flame            Conj/Fire      0%         6-21      100%        3
 Ignite Poison            Fire/Tmut/Pois 0%         N/A       100%        3
 Ozocubu's Armour         Ice            0%         N/A       100%        3
 Spider Form              Tmut/Pois      0%         N/A       100%        3
 Vampiric Draining        Necr           0%         2d6       100%        3
 Anguish                  Hex/Necr       0%         N/A       100%        4
 Animate Armour           Summ/Erth      0%         N/A       100%        4
 Leda's Liquefaction      Hex/Erth       0%         N/A       100%        4
 Olgreb's Toxic Radiance  Pois           0%         N/A       100%        4
 Sticky Flame             Conj/Fire      0%         2d3       100%        4
 Agony                    Necr           0%         N/A       100%        5
 Alistair's Intoxication  Tmut/Pois      0%         N/A       100%        5
 Blade Hands              Tmut           0%         N/A       100%        5
 Lee's Rapid Deconstruct  Erth           0%         3d5*      100%        5
 Iron Shot                Conj/Erth      0%         9d1       100%        6
 Statue Form              Tmut/Erth      0%         N/A       100%        6
 Ozocubu's Refrigeration  Ice            0%         4d7       100%        7


Dungeon Overview and Level Annotations

Branches:
Dungeon (12/15)            Temple (1/1) D:7            Lair (0/5) D:11
Gauntlet (1/1)
    Orc: D:9-12

Altars:
Ashenzari
Cheibriados
Dithmenos
Fedhas
Gozag
Hepliaklqana
Kikubaaqudgha
Makhleb
Nemelex Xobeh
Okawaru
Qazlal
Ru
Sif Muna
Trog
Uskayaw
Vehumet
Wu Jian
Xom
Yredelemnul

Shops:
D:6 (   D:7 =   D:9 *   D:10 *

Annotations:
D:4 Gentlefood's ghost, novice DrBe
D:10 2 transporters, drugrobin's ghost, journeyman DgDe Gauntlet 5 transporters


Innate Abilities, Weirdness & Mutations

Your life essence is reduced to manifest your ancestor. (-10% HP)
You have a pair of horns on your head.
You are partially covered in sharp spines.
You have a small tail.
Your touch may inflict irresistible damage on your foes.


Message History

The necromancer binds the souls of nearby monsters.
You barely miss the necromancer.
The necromancer is moderately wounded.
You barely miss the death yak.
The death yak gores Atia!
The death yak gores you!
The necromancer gestures wildly while chanting.
The necromancer binds the souls of nearby monsters.
You closely miss the necromancer.
The necromancer is moderately wounded.
You hit the death yak but do no damage.
The death yak gores Atia!
Atia is destroyed!
The death yak is struck by your spines. The death yak completely misses you.
The necromancer hits you but does no damage.
The death yak gores you but does no damage.
The necromancer is struck by your spines.
The necromancer hits you with a +0 dagger.
You slice the necromancer!!
The necromancer is almost dead.
You barely miss the death yak. x2; The death yak is struck by your spines.
The death yak barely misses you.
The necromancer is struck by your spines.
You kill the necromancer!
The death yak gores you but does no damage.
You barely miss the death yak.
You headbutt the death yak, but do no damage.
You hit the death yak but do no damage. The death yak gores you!
The death yak barely misses you.
You hit the death yak.
The death yak is lightly wounded.
You hit the death yak but do no damage. x2
The death yak gores you but does no damage.
The death yak gores you! The death yak gores you!!
* * * LOW HITPOINT WARNING * * *
A red film seems to cover your vision as you go berserk!
You feel yourself moving faster!
You feel mighty! The death yak closely misses you.
The death yak is struck by your spines.
The death yak gores you but does no damage. x2
You barely miss the death yak. You hit the death yak. You slice the death yak!!
You hit the death yak. The death yak gores you!!
You die...

.#...#zzzz...#...#Y.#...#.
##...#########...#...#.#..
#≈...............#########
##.8.....8................
##...............8.....8...
#≈...###########...........
##...#.....Y.^.#...########
#≈...#.#^YYY.#.#...#.......
##...#..##@##..#####.###.##
#≈...#?.##Y##Y.#...#).#÷^.#
##.8.#©.#^©.#Yp#§8©#©.#©#.#
#§...#..##.##Y.#...#..^.#..
##...#[.##.##..#####.#.###.
#≈...#.#^...^#.#...#.......
##...#.......^.#...########
#≈§..###########...........
##...............8.....8...


You could see 5 death yaks.

Vanquished Creatures
  A great orb of eyes (Gauntlet)
  2 hydras
  Pikel (D:5)
  A necromancer (Gauntlet)
  2 ugly things (Gauntlet)
  A deep elf pyromancer (D:12)
  3 trolls
  2 hornets
  Grinder (D:6)
  A shadow (D:11)
  A wyvern (D:7)
  A steam dragon (D:6)
  2 water moccasins (D:5)
  5 ice beasts
  2 orc warriors
  2 sky beasts (D:7)
  2 black bears
  3 ogres
  3 centaurs
  2 lemures (D:5)
  Blork the orc (D:6)
  2 kobold brigands
  2 gnoll sergeants
  7 bullfrogs
  2 scorpions
  A necrophage (D:7)
  4 wights (D:9)
  6 killer bees
  7 howler monkeys
  4 hounds
  3 orc priests
  3 jellies (D:5)
  4 iguanas
  8 orc wizards
  6 adders
  9 gnolls
  2 river rats
  A shadow imp (D:7)
  A white imp (D:7)
  An ufetubus (D:4)
  5 worms
  19 orcs
  8 ball pythons
  5 endoplasms
  A giant cockroach (D:4)
  8 hobgoblins
  9 jackals
  15 kobolds
  7 quokkas
  6 bats
  4 frilled lizards
  14 goblins
  5 rats
218 creatures vanquished.

Vanquished Creatures (collateral kills)
  A boulder beetle (D:11)
  A two-headed ogre (D:10)
  A manticore (D:10)
  2 cyclopes (D:11)
  2 ugly things (D:11)
  Prince Ribbit (D:9)
  A shadow (D:10)
  A vampire (D:10)
  2 wraiths (D:12)
  An acid dragon (D:11)
  A kobold brigand (D:10)
  A wight (D:9)
  A gnoll (D:9)
  4 orcs
  6 kobolds
  2 butterflies (D:8)
28 creatures vanquished.

Vanquished Creatures (others)
  3 ancestors
  6 battlemagi
9 creatures vanquished.

Grand Total: 255 creatures vanquished

Notes
Turn   | Place    | Note
-------+----------+-------------------------------------------
     0 | D:1      | jlumianski the Demonspawn Gladiator began the quest for the
                  | Orb.
     0 | D:1      | Reached XP level 1. HP: 16/16 MP: 1/1
   230 | D:1      | Discovered your monstrous ancestry.
   230 | D:1      | Gained mutation: You have a pair of small horns on your
                  | head. [demonic ancestry]
   230 | D:1      | Reached XP level 2. HP: 22/22 MP: 2/2
   326 | D:1      | Reached skill level 3 in Axes
  1437 | D:2      | Reached skill level 1 in Armour
  1437 | D:2      | Gained mutation: Your touch may inflict minor irresistible
                  | damage on your foes. [demonic ancestry]
  1437 | D:2      | Reached XP level 3. HP: 10/27 MP: 3/3
  1696 | D:2      | Reached XP level 4. HP: 31/33 MP: 4/4
  2316 | D:3      | You fall into a shaft and drop 1 floor!
  2358 | D:3      | Reached skill level 1 in Stealth
  3030 | D:2      | Gained mutation: You are partially covered in sharp spines.
                  | [demonic ancestry]
  3030 | D:2      | Reached XP level 5. HP: 39/39 MP: 5/5
  3792 | D:4      | Found a runed translucent door.
  4219 | D:4      | Reached skill level 1 in Ranged Weapons
  4225 | D:4      | Found a runed translucent door.
  4240 | D:4      | Noticed Gentlefood's ghost (novice DrBe)
  4660 | D:4      | Gained mutation: Your touch may inflict irresistible damage
                  | on your foes. [demonic ancestry]
  4660 | D:4      | Reached XP level 6. HP: 44/46 MP: 6/6
  4762 | D:5      | Entered Level 5 of the Dungeon
  4796 | D:5      | Reached skill level 4 in Axes
  4886 | D:5      | Gained mutation: You have a pair of horns on your head.
                  | [demonic ancestry]
  4886 | D:5      | Reached XP level 7. HP: 39/52 MP: 7/7
  5305 | D:5      | Reached skill level 5 in Axes
  5399 | D:5      | Gained mutation: You have a small tail. [demonic ancestry]
  5399 | D:5      | Reached XP level 8. HP: 59/59 MP: 8/8
  6104 | D:6      | Found a snail-covered altar of Cheibriados.
  6148 | D:7      | Found Udoizait's Jewellery Emporium.
  6412 | D:6      | Reached skill level 6 in Axes
  6419 | D:6      | HP: 3/60 [steam dragon/ball of steam (9)]
  6420 | D:6      | HP: 1/60 [steam dragon (2)]
  6666 | D:6      | Found Kuwkeukh's Weapon Shop.
  6784 | D:6      | Noticed Blork the orc
  6799 | D:6      | Killed Blork the orc
  6963 | D:6      | Noticed Pikel
  7035 | D:5      | Killed Pikel
  7036 | D:5      | Reached skill level 7 in Axes
  7036 | D:5      | Reached skill level 5 in Ranged Weapons
  7036 | D:5      | Reached skill level 5 in Armour
  7036 | D:5      | Reached XP level 9. HP: 19/67 MP: 9/9
  7366 | D:6      | Reached skill level 5 in Fighting
  7401 | D:6      | Noticed Grinder
  7615 | D:6      | Killed Grinder
  7898 | D:6      | Identified the +5 chain mail "Ohorischa" {+Inv rN+++ MP-9
                  | Dex+2}
  8192 | D:7      | Found a staircase to the Ecumenical Temple.
  8199 | Temple   | Entered the Ecumenical Temple
  8511 | Temple   | Became a worshipper of Hepliaklqana the Forgotten
  8830 | D:7      | Reached skill level 8 in Axes
  9019 | D:7      | Found an ornate altar of the Wu Jian Council.
  9438 | D:7      | Reached XP level 10. HP: 25/76 MP: 1/10
  9834 | D:8      | Reached * piety under Hepliaklqana
  9977 | D:9      | Identified a scroll of acquirement
  9979 | D:9      | Acquired the +9 crystal plate armour "Taoloyhu" {rElec}
  9992 | D:9      | Paralysed by a hornet for 2 turns
  9999 | D:9      | Paralysed by a hornet for 1 turns
 10209 | D:8      | Found a shimmering altar of Xom.
 10428 | D:9      | Found Jity's Lightly-Used Armoury.
 10443 | D:9      | Found a stormy altar of Qazlal.
 10622 | D:9      | Noticed Prince Ribbit
 10631 | D:9      | Killed Prince Ribbit
 10789 | D:10     | Entered Level 10 of the Dungeon
 10827 | D:9      | Acquired a scarf of invisibility
 11203 | D:8      | Reached skill level 1 in Evocations
 11207 | D:8      | Reached skill level 1 in Invocations
 11477 | D:10     | Noticed an eight-headed hydra
 11556 | D:10     | Reached ** piety under Hepliaklqana
 11557 | D:10     | Remembered your ancestor Atia as a battlemage
 11573 | D:10     | Found a transporter.
 11587 | D:10     | Found a bloodstained altar of Trog.
 11587 | D:10     | Noticed drugrobin's ghost (journeyman DgDe)
 11587 | D:10     | Noticed a two-headed ogre
 11589 | D:10     | Noticed a two-headed ogre
 11591 | D:10     | Noticed a moth of wrath
 11591 | D:10     | Noticed a two-headed ogre
 11613 | D:10     | Found a transporter.
 11615 | D:10     | Noticed a tengu warrior
 11626 | D:10     | Identified the +5 halberd of Desperation {pain, rC+ Str+3
                  | Dex-3}
 11920 | D:10     | Reached skill level 9 in Axes
 11939 | D:10     | Found Puptat's Elemental Accessories.
 11939 | D:10     | Noticed a two-headed ogre
 11945 | D:10     | Killed a two-headed ogre
 11950 | D:10     | Bought a tin of tremorstones (2/2) for 560 gold pieces
 12351 | D:11     | Noticed a four-headed hydra
 12356 | D:11     | Killed an eight-headed hydra
 12597 | D:10     | HP: 3/69 [11-headed hydra (5)]
 12905 | D:11     | Found a staircase to the Lair.
 13201 | D:11     | Noticed a cyclops
 13205 | D:11     | Killed a cyclops
 13206 | D:11     | Reached XP level 11. HP: 74/74 MP: 13/13
 13545 | D:10     | Killed an 11-headed hydra
 13546 | D:10     | Reached skill level 1 in Polearms
 13721 | D:11     | Noticed a red ugly thing
 13723 | D:11     | Killed a red ugly thing
 13877 | D:11     | Noticed a boulder beetle
 13908 | D:11     | Killed a boulder beetle
 14121 | D:11     | Reached *** piety under Hepliaklqana
 14181 | D:11     | Noticed a green ugly thing
 14184 | D:11     | Killed a green ugly thing
 14515 | D:12     | Noticed a deep elf pyromancer
 14519 | D:12     | Killed a deep elf pyromancer
 14644 | D:12     | Found a gate leading to a gauntlet.
 14654 | Gauntlet | Entered a Gauntlet
 14654 | Gauntlet | Found a transporter.
 14664 | Gauntlet | Found a transporter.
 14664 | Gauntlet | Noticed a great orb of eyes
 14666 | Gauntlet | Found a transporter.
 14666 | Gauntlet | Noticed a red ugly thing
 14667 | Gauntlet | Noticed a green ugly thing
 14670 | Gauntlet | Found a transporter.
 14671 | Gauntlet | Found a transporter.
 14672 | Gauntlet | Found a transporter.
 14675 | Gauntlet | Noticed a death yak
 14676 | Gauntlet | Noticed a death yak
 14677 | Gauntlet | Noticed a death yak
 14677 | Gauntlet | Noticed a death yak
 14678 | Gauntlet | Noticed a death yak
 14678 | Gauntlet | Noticed a necromancer
 14685 | Gauntlet | Found a transporter.
 14690 | Gauntlet | Found a transporter.
 14740 | Gauntlet | Killed a green ugly thing
 14741 | Gauntlet | Killed a red ugly thing
 14742 | Gauntlet | Reached skill level 5 in Invocations
 14753 | Gauntlet | HP: 1/75 [disintegration (24)]
 14757 | Gauntlet | Killed a great orb of eyes
 15022 | Gauntlet | Killed a necromancer
 15026 | Gauntlet | Slain by a death yak

Illustrated notes

Levels and vault maps discovered:
D:1:      sevenhm_arrival_forest_fort_small_6, layout_basic,
          minmay_misc_feat_alley, dk_noncrumbling_2
D:2:      layout_loops_ring
D:3:      layout_rooms, lightli_sewer_entry_pipes, kennysheep_cross_room,
          minmay_misc_feat_hallway
D:4:      layout_basic, ebering_ghost_sewer_f
D:5:      layout_cave_pools, kennysheep_boxes
D:6:      layout_loops_ring, lemuel_tele_altar, serial_shops,
          nicolae_shop_bloodbath_and_beyond, minmay_ogre_servants, uniq_pikel,
          uniq_grinder, uniq_blork_the_orc
D:7:      layout_loops_corners, gammafunk_temple_overflow_pools,
          minmay_temple_entry_wispy, serial_shops, nicolae_shop_statue_plus
D:8:      layout_cave_pools, xom_butterflies
D:9:      layout_roguey, overflow_temple_1_default, enter_bailey_6,
          minmay_shop_damaged, minmay_strange_pillars, uniq_prince_ribbit1
D:10:     layout_loops_ring, gammafunk_ghost_wrathful_warriors,
          nicolae_elemental_shop
D:11:     layout_loops_corners, lair_entry_dummy
D:12:     layout_gridville, orc_0_dummy, gauntlet_entry_generic,
          mrwooster_statue_mirror
Temple:   minmay_temple_bridge_d
Gauntlet: minmay_gauntlet_mixed_oops_all_seconds
          [minmay_gauntlet_arena_77_terracotta_army,
          gammafunk_gauntlet_arena_chambers,
          minmay_gauntlet_arena_77_broken_ladder, nicolae_gauntlet_swirl,
          minmay_gauntlet_arena_77_two_lines, nicolae_gauntlet_arena_blocks,
          gauntlet_exit_watery]

Skill      XL: |  1  2  3  4  5  6  7  8  9 10 11 |
---------------+----------------------------------+-----
Axes           | 3 4 5 7 8 9 |  9.7
Dodging        | 3 |  3.6
Armour         | 1 2 3 5 6 7 8 |  8.6
Stealth        | 1 |  1.3
Ranged Weapons | 2 3 4 5 6 8 |  8.3
Fighting       | 3 4 5 6 7 |  7.1
Throwing       | 2 |  2.1
Evocations     | 2 4 |  4.2
Invocations    | 3 5 |  5.4
Polearms       | 1 |  1.3

Action                   |  1- 3 |  4- 6 |  7- 9 | 10-12 || total
-------------------------+-------+-------+-------+-------++-------
Melee: War axe           |    76 |    77 |    78 |    36 ||   267
       Headbutt          |     8 |    16 |    30 |    27 ||    81
       Touch             |     1 |    14 |     9 |     6 ||    30
       Battleaxe         |       |       |    95 |    91 ||   186
       Tailslap          |       |       |    21 |    26 ||    47
       Punch             |       |       |     1 |     1 ||     2
       Halberd           |       |       |       |     8 ||     8
       Trident           |       |       |       |     2 ||     2
 Fire: Sling             |       |    67 |    31 |       ||    98
       Longbow           |       |       |       |    63 ||    63
Throw: Dart              |       |       |     4 |       ||     4
Invok: Recall Ancestor   |       |       |       |     2 ||     2
       Ancestor Life: Ba |       |       |       |     1 ||     1
Evoke: Wand              |       |       |       |     2 ||     2
       Tin of tremorston |       |       |       |     1 ||     1
  Use: Potion            |       |     1 |     9 |     6 ||    16
       Scroll            |       |       |    10 |    13 ||    23
 Stab: Sleeping          |     2 |       |       |       ||     2
       Distracted        |       |     1 |       |       ||     1
Armor: Leather armour    |    25 |    11 |       |       ||    36
       Plate armour      |       |    43 |   114 |       ||   157
       Chain mail        |       |       |    34 |    18 ||    52
       Crystal plate arm |       |       |       |   202 ||   202
Dodge: Dodged            |    82 |    67 |    64 |    63 ||   276

Table legend: (Time is in decaauts)
 A = Elapsed time spent in this place.
 B = Non-inter-level travel time spent in this place.
 C = Inter-level travel time spent in this place.
 D = Time resting spent in this place.
 E = Time spent auto-exploring this place.
 F = Levels seen in this place.
 G = Mean time per level.
                   A        B        C        D        E       F      G
               +--------+--------+--------+--------+--------+-----+--------+
         Total |  15380 |  15093 |    287 |   3609 |   7513 |  14 | 1098.6 |
       Dungeon |  14610 |  14323 |    287 |   3372 |   7301 |  12 | 1217.5 |
        Temple |    393 |    393 |      0 |      0 |    212 |   1 |  393.0 |
      Gauntlet |    376 |    376 |      0 |    237 |      0 |   1 |  376.0 |
               +--------+--------+--------+--------+--------+-----+--------+

Top non-repeatable levels by time:
     D:2: 1808 daAuts
     D:5: 1790 daAuts
    D:11: 1585 daAuts
     D:6: 1502 daAuts
    D:10: 1387 daAuts
     D:7: 1370 daAuts
     D:9: 1244 daAuts
     D:1: 1181 daAuts
     D:4: 1002 daAuts
     D:3: 922 daAuts
     D:8: 593 daAuts
  Temple: 393 daAuts
Gauntlet: 376 daAuts
    D:12: 220 daAuts
